 Dungeon Crawl Stone Soup version 0.20-a0-350-ga83eecc (console) character file.

10077 nht the Brawler (level 11, -13/101 HPs)
             Began as a Troll Transmuter on Dec 23, 2016.
             Was a High Priest of Okawaru.
             Killed from afar by Kidiri's ghost (23 damage)
             ... with a fireball
             ... on level 11 of the Dungeon.
             The game lasted 00:20:42 (7991 turns).

nht the Brawler (Troll Transmuter)                  Turns: 7991, Time: 00:20:42

Health: -13/101    AC:  9    Str: 23    XL:     11   Next: 31%
Magic:  13/14      EV: 10    Int:  7    God:    Okawaru [*****.]
Gold:   872        SH:  0    Dex: 15    Spells: 11/12 levels left

rFire  . . .     SeeInvis +       - Unarmed
rCold  + + .     Gourm    +     F - +0 troll leather armour
rNeg   . . .     Faith    .     (no shield)
rPois  .         Spirit   .     (helmet restricted)
rElec  .         Reflect  .     n - +1 cloak
rCorr  .         Harm     .     (gloves unavailable)
MR     +....                    (boots unavailable)
Stlth  +.........               (no amulet)
                                e - ring "Meyssaet" {rC++ MR+ Str+3 Int-4 SInv}
                                u - +4 ring of dexterity

@: no status effects
A: unfitting armour, claws 3, fast metabolism 3, gourmand, regeneration 1,
shaggy fur 1, tough skin 2
a: Heroism, Finesse, Renounce Religion


You were on level 11 of the Dungeon.
You worshipped Okawaru.
Okawaru was extremely pleased with you.
You were completely stuffed.

You visited 1 branch of the dungeon, and saw 11 of its levels.

You collected 872 gold pieces.

Inventory:

Missiles
 o - 11 tomahawks
 v - 14 javelins (quivered)
 z - 3 silver tomahawks
 A - 2 throwing nets
 O - 5 large rocks
Armour
 n - a +1 cloak (worn)
 F - a +0 troll leather armour (worn)
Jewellery
 a - an uncursed ring of teleportation
 e - the ring "Meyssaet" (right claw) {rC++ MR+ Str+3 Int-4 SInv}
   (You found it on level 5 of the Dungeon)

   [ring of protection from magic]

   It affects your strength (+3).
   It affects your intelligence (-4).
   It greatly protects you from cold.
   It affects your resistance to hostile enchantments.
   It lets you see invisible.
 g - an uncursed ring of protection from fire
 u - a +4 ring of dexterity (left claw)
 D - an uncursed ring of resist corrosion
Wands
 i - a wand of paralysis (4/24)
 y - a wand of disintegration (18/24)
 E - a wand of lightning (1/15)
 G - a wand of digging (14/24)
Scrolls
 h - 4 scrolls of teleportation
 j - 3 scrolls of enchant weapon
 r - 6 scrolls of remove curse
 C - 2 scrolls of recharging
 L - a scroll of identify
 N - a scroll of noise {unknown}
Potions
 b - a potion of lignification
 c - a potion of resistance
 p - a potion of might
 q - 3 potions of heal wounds
 t - 2 potions of curing
 H - a potion of mutation {unknown}
 J - 2 potions of agility {unknown}
 M - a potion of cancellation {unknown}
 P - 2 potions of magic {unknown}
Books
 k - a book of Maledictions

   Spells                             Type                      Level
   a - Corona                         Hexes                        1
   b - Ensorcelled Hibernation        Hexes/Ice                    2
   c - Confuse                        Hexes                        3
   d - Tukima's Dance                 Hexes                        3
   e - Dazzling Spray                 Conjuration/Hexes            3
 m - a book of Changes

   Spells                             Type                      Level
   a - Beastly Appendage              Transmutation                1
   b - Sticks to Snakes               Transmutation                2
   c - Spider Form                    Transmutation/Poison         3
   d - Ice Form                       Ice/Transmutation            4
   e - Blade Hands                    Transmutation                5
 w - a book of Minor Magic

   Spells                             Type                      Level
   a - Magic Dart                     Conjuration                  1
   b - Blink                          Translocation                2
   c - Call Imp                       Summoning                    2
   d - Repel Missiles                 Charms/Air                   2
   e - Slow                           Hexes                        2
   f - Conjure Flame                  Conjuration/Fire             3
   g - Mephitic Cloud                 Conjuration/Poison/Air       3
 x - a book of Necromancy

   Spells                             Type                      Level
   a - Pain                           Necromancy                   1
   b - Animate Skeleton               Necromancy                   1
   c - Vampiric Draining              Necromancy                   3
   d - Regeneration                   Charms/Necromancy            3
   e - Animate Dead                   Necromancy                   4
   f - Control Undead                 Necromancy                   4
 B - a book of Air

   Spells                             Type                      Level
   a - Shock                          Conjuration/Air              1
   b - Swiftness                      Charms/Air                   2
   c - Repel Missiles                 Charms/Air                   2
   d - Static Discharge               Conjuration/Air              3
   e - Lightning Bolt                 Conjuration/Air              5
Comestibles
 d - 9 bread rations
 f - 3 slices of pizza
 l - 10 beef jerkies
 s - 3 meat rations
 I - 11 chunks of flesh
 K - 3 fruits


   Skills:
 + Level 4.9 Fighting
 - Level 1.5 Dodging
 * Level 15.2 Unarmed Combat
 - Level 1.2 Spellcasting
 - Level 1.3 Transmutations
 + Level 5.3 Invocations


You had 11 spell levels left.
You knew the following spells:

 Your Spells              Type           Power        Failure   Level  Hunger
a - Beastly Appendage     Tmut           #.....       30%         1    ##.....


Dungeon Overview and Level Annotations

Branches:
Dungeon (11/15)            Temple (0/1) D:7            Lair (0/6) D:9
    Orc (0/2) D:9

Altars:
Dithmenos
Hepliaklqana
Kikubaaqudgha
Okawaru
Qazlal
Ru
Yredelemnul
The Shining One
Beogh

Shops:
D:6 (   D:7 :

Annotations:
D:11 Kidiri's ghost, journeyman DEFE


Innate Abilities, Weirdness & Mutations

You are too large for most types of armour.
You have claws for hands.
Your metabolism is lightning-fast.
You like to eat raw meat.
Your natural rate of healing is unusually fast.
You are covered in fur. (AC +1)
You have very tough skin. (AC +2)


Message History

Kidiri's ghost hits you but does no damage.
You bump into the rock wall.
You are covered in liquid flames!
* * * LOW HITPOINT WARNING * * *
Kidiri's ghost points at you and mumbles some strange words.
The ball explodes into a vile cloud!
The stinking cloud engulfs you!
The stinking cloud engulfs Kidiri's ghost.
Kidiri's ghost appears unharmed.
You are engulfed in noxious fumes.
* * * LOW HITPOINT WARNING * * *
You are covered in liquid flames!
* * * LOW HITPOINT WARNING * * *
Kidiri's ghost points at you and mumbles some strange words.
The flame tongue hits you!
* * * LOW HITPOINT WARNING * * *
You feel better.
You are engulfed in noxious fumes.
* * * LOW HITPOINT WARNING * * *
Kidiri's ghost points at you and mumbles some strange words.
The fireball explodes!
The fireball engulfs you!
You die...

█ █ █.█
██████. █.█
.......█
█████.█ █
.........
.....█ .█
.........
...█ ..█
.......█
█.█████...█
.......█
█.........█
.......█
█@§W†.....█
.......█
█.§████...█
..>....█
█§§█ █...█
.......█
█..█ █...█
█. ..<....█
█..█ █...█
█. .......█
█..█ █...█
█. [......█
█..█ █...█
█. .......█
█..█ █...█
█. .......█
█..█ █..÷█
█.


You could see Kidiri's ghost.

Vanquished Creatures
  Erolcha (D:9)
  A two-headed ogre (D:10)
  An orc knight (D:11)
  Maurice (D:8)
  The ghost of junkhipster the Covered, a novice HuFi (D:3)
  A troll (D:9)
  A hornet (D:9)
  4 hippogriffs
  A wyvern (D:8)
  The ghost of nht the Ruffian, an amateur TrTm of Qazlal (D:4)
  3 yaks
  A water moccasin (D:10)
  10 orc warriors
  4 ice beasts
  A sky beast (D:8)
  An eye of draining (D:9)
  2 wolves (D:9)
  6 ogres
  4 centaurs
  2 big kobolds (D:7)
  10 bullfrogs
  A wyvern skeleton (D:9)
  A scorpion (D:8)
  3 killer bees (D:6)
  5 wights (D:11)
  5 electric eels (D:9)
  6 crimson imps
  3 howler monkeys (D:7)
  2 quasits
  2 jellies
  8 orc wizards
  5 orc priests
  6 hounds
  4 iguanas
  5 iron imps (D:8)
  10 worker ants
  A hound skeleton (D:5)
  2 hound zombies
  3 gnolls (D:8)
  A worker ant zombie (D:7)
  12 adders
  A river rat (D:9)
  A shadow imp (D:7)
  2 oozes
  3 adder skeletons
  7 worms
  A dart slug (D:2)
  6 leopard geckos
  69 orcs
  4 ball pythons (D:3)
  9 bats
  9 giant cockroaches
  5 goblins
  10 hobgoblins
  6 jackals
  3 quokkas
  4 frilled lizards
  A jackal zombie (D:5)
  17 kobolds
  8 rats
308 creatures vanquished.

Notes
Turn   | Place    | Note
-------+----------+-------------------------------------------
     0 | D:1      | nht the Troll Transmuter began the quest for the Orb.
     0 | D:1      | Reached XP level 1. HP: 18/18 MP: 1/1
    77 | D:1      | You fall through a shaft!
    84 | D:2      | Reached XP level 2. HP: 26/26 MP: 2/2
   156 | D:2      | Reached skill level 4 in Unarmed Combat
   277 | D:2      | Reached XP level 3. HP: 32/32 MP: 3/3
   928 | D:1      | Reached XP level 4. HP: 40/40 MP: 4/4
  1017 | D:1      | Reached skill level 5 in Unarmed Combat
  1461 | D:3      | Found a stormy altar of Qazlal.
  1520 | D:3      | Reached XP level 5. HP: 46/46 MP: 5/5
  1581 | D:3      | Reached skill level 6 in Unarmed Combat
  1789 | D:3      | Noticed junkhipster's ghost (novice HuFi)
  1809 | D:3      | Killed junkhipster's ghost
  1809 | D:3      | Reached skill level 7 in Unarmed Combat
  1809 | D:3      | Reached XP level 6. HP: 15/54 MP: 6/6
  1934 | D:3      | Found an ancient bone altar of Kikubaaqudgha.
  1967 | D:3      | Found a glowing drain.
  2200 | D:3      | Reached skill level 8 in Unarmed Combat
  2260 | D:4      | Found a sacrificial altar of Ru.
  2260 | D:4      | Found a hazy altar of Hepliaklqana.
  2293 | D:4      | Reached XP level 7. HP: 30/61 MP: 7/7
  2312 | D:4      | Noticed nht's ghost (amateur TrTm)
  2318 | D:4      | Killed nht's ghost
  2459 | D:4      | Reached skill level 9 in Unarmed Combat
  2945 | D:5      | Entered Level 5 of the Dungeon
  2985 | D:5      | Got a glittering platinum ring
  3016 | D:5      | Found a glowing golden altar of the Shining One.
  3101 | D:5      | Found an iron altar of Okawaru.
  3110 | D:5      | Became a worshipper of Warmaster Okawaru
  3197 | D:5      | Reached XP level 8. HP: 68/68 MP: 8/8
  3199 | D:5      | Reached skill level 10 in Unarmed Combat
  3825 | D:6      | Reached * piety under Okawaru
  3868 | D:6      | Reached skill level 11 in Unarmed Combat
  3956 | D:6      | Got a brightly glowing quarterstaff
  4006 | D:6      | Found Arha's Weapon Shop.
  4009 | D:6      | Identified the +4 quarterstaff "Michalei" {drain, Dex+4} (You found it on level 6 of the Dungeon)
  4063 | D:6      | Found a shadowy altar of Dithmenos.
  4344 | D:7      | Found a staircase to the Ecumenical Temple.
  4391 | D:7      | Reached ** piety under Okawaru
  4391 | D:7      | Reached XP level 9. HP: 75/75 MP: 9/9
  4456 | D:7      | Reached skill level 12 in Unarmed Combat
  4597 | D:7      | Found Qisaopp's Book Boutique.
  4944 | D:8      | Noticed Maurice
  5110 | D:8      | Reached *** piety under Okawaru
  5110 | D:8      | Reached skill level 13 in Unarmed Combat
  5146 | D:8      | Reached skill level 1 in Fighting
  5366 | D:8      | Reached skill level 1 in Invocations
  5377 | D:8      | Killed Maurice
  5436 | D:8      | Reached XP level 10. HP: 38/88 MP: 10/10
  5454 | D:8      | Found a basalt altar of Yredelemnul.
  5454 | D:8      | Noticed a rust devil
  5455 | D:8      | Noticed a hell beast
  5455 | D:8      | Noticed a rust devil
  5470 | D:8      | Reached **** piety under Okawaru
  5809 | D:9      | Reached skill level 14 in Unarmed Combat
  5897 | D:9      | Found a staircase to the Lair.
  6074 | D:9      | Found a staircase to the Orcish Mines.
  6076 | D:9      | Identified the ring "Meyssaet" {rC++ MR+ Str+3 Int-4 SInv} (You found it on level 5 of the Dungeon)
  6093 | D:9      | Noticed Erolcha
  6106 | D:9      | Killed Erolcha
  6155 | D:9      | Reached ***** piety under Okawaru
  6677 | D:10     | Entered Level 10 of the Dungeon
  7202 | D:10     | Noticed a two-headed ogre
  7207 | D:10     | Killed a two-headed ogre
  7207 | D:10     | Received a gift from Okawaru
  7207 | D:10     | Reached XP level 11. HP: 98/101 MP: 13/13
  7653 | D:11     | Noticed an orc knight
  7672 | D:11     | Killed an orc knight
  7672 | D:11     | Reached skill level 15 in Unarmed Combat
  7672 | D:11     | Reached skill level 5 in Invocations
  7765 | D:11     | Found a roughly hewn altar of Beogh.
  7943 | D:11     | Received a gift from Okawaru
  7970 | D:11     | Noticed Kidiri's ghost (journeyman DEFE)
  7990 | D:11     | HP: 5/101 [Kidiri's ghost/flame tongue (14)]
  7991 | D:11     | Killed from afar by Kidiri's ghost

Vault maps used:
D:1:      saegor_arrival_simple_f, glass_columns_b
D:3:      lemuel_coloured_pillars_altar, first_bread, portal_sewer_entry_b,
          nicolae_qazlal_general_emergency
D:4:      chequers_temple_overflow_statue_of_worship, kennysheep_potato
D:5:      kennysheep_okawaru_gauntlet, old_standard_altar
D:6:      general_overflow_altar, serial_shops, shop
D:7:      serial_shops, shop, grunt_ogre_cave, kennysheep_pointless_box,
          kennysheep_generic_room_5
D:8:      lemuel_hellish_altar, uniq_maurice
D:9:      erik_lair_island, uniq_erolcha
D:11:     special_room

Skill      XL: |  1  2  3  4  5  6  7  8  9 10 11 |
---------------+----------------------------------+-----
Unarmed Combat | 4 5 7 8 9 11 13 14 15 | 15.2
Fighting       | 2 4 |  4.9
Invocations    | 2 4 5 |  5.3
Dodging        | |  1.5
Spellcasting   | |  1.2
Transmutations | |  1.3

Action                   |  1- 3 |  4- 6 |  7- 9 | 10-12 || total
-------------------------+-------+-------+-------+-------++-------
Melee: Unarmed           |    79 |   132 |   309 |   284 ||   804
       Punch             |     1 |     5 |    15 |    20 ||    41
Invok: Heroism           |       |       |     2 |     4 ||     6
Evoke: Wand              |       |       |       |    19 ||    19
  Use: Scroll            |       |     6 |     6 |     8 ||    20
       Potion            |       |     1 |     6 |     3 ||    10
 Stab: Sleeping          |     1 |     3 |     1 |     1 ||     6
       Distracted        |       |       |     1 |       ||     1
       Paralysed         |       |       |       |     4 ||     4
  Eat: Chunk             |    14 |    12 |    29 |    23 ||    78
Armor: Robe              |    28 |    43 |    93 |    10 ||   174
       Troll leather arm |       |       |       |    84 ||    84
Dodge: Dodged            |    30 |    63 |   161 |   115 ||   369
